 Dungeon Crawl Stone Soup version 0.29.0-5-ge4962eb29e (webtiles) character file.

Game seed: 5762205438967217433

19480 Arum the Destroyer (level 13, -20/79 HPs)
             Began as a Formicid Venom Mage on Aug 28, 2022.
             Was a Priest of Vehumet.
             Killed from afar by a merfolk aquamancer (29 damage)
             ... with a torrent of water
             ... on level 12 of the Dungeon on Aug 29, 2022.
             The game lasted 00:57:53 (21481 turns).

Arum the Destroyer (Formicid Venom Mage)           Turns: 21481, Time: 00:57:54

Health: -20/79     AC:  5    Str: 14    XL:     13   Next: 5%
Magic:  3/29       EV: 12    Int: 19    God:    Vehumet [***...]
Gold:   651        SH:  0    Dex: 14    Spells: 12/36 levels left

rFire   . . .      SeeInvis +   p - staff of earth
rCold   . . .      Faith    .   (no shield)
rNeg    . . .      Spirit   .   a - +1 robe
rPois   .          Reflect  .   (helmet unavailable)
rElec   .          Harm     .   J - scarf {repulsion}
rCorr   +          Rampage  .   n - +0 pair of gloves
Will    +....                   K - +0 pair of boots
Stlth   ++........              (no amulet)
HPRegen 0.23/turn               d - ring of flight
MPRegen 0.21/turn               C - ring of resist corrosion

@: flying, invisible, repel missiles
A: permanent stasis, dig shafts and tunnels, antennae 3, four strong arms
a: Dig, Shaft Self, Renounce Religion


You were on level 12 of the Dungeon.
You worshipped Vehumet.
Vehumet was most pleased with you.
You visited 2 branches of the dungeon, and saw 13 of its levels.
You also visited: Sewer and Bailey.

You collected 651 gold pieces.

Inventory:

Hand Weapons
 c - the +3 mace of Balance {elec, rC++ Int+3 Dex+4}
   (You found it on level 3 of the Dungeon)

   It occasionally discharges a powerful burst of electricity upon striking a
   foe.
   Int:       It affects your intelligence (+3).
   Dex:       It affects your dexterity (+4).
   rC:        It greatly protects you from cold.
 h - the +9 flail "Loasm" {protect, rN+ Int+3 Dex+2}
   (You found it in a bailey)

   It grants its wielder temporary protection when it strikes (+7 to AC).
   Int:       It affects your intelligence (+3).
   Dex:       It affects your dexterity (+2).
   rN:        It protects you from negative energy.
Missiles
 y - 6 silver javelins
 B - 3 throwing nets
 E - 94 stones
Armour
 a - a +1 robe (worn)
 n - a +0 pair of gloves (worn)
 J - a scarf of repulsion (worn)
 K - a +0 pair of boots (worn)
Magical Staves
 j - a staff of poison
 p - a staff of earth (weapon)
Jewellery
 d - a ring of flight (left hand)
 f - an amulet of guardian spirit
 C - a ring of resist corrosion (right hand)
Wands
 r - a wand of paralysis (8)
 t - a wand of polymorph (6)
 D - a wand of digging (4)
 M - a wand of acid (5)
Scrolls
 e - 6 scrolls of fog
 g - 3 scrolls of vulnerability
 q - a scroll of magic mapping
 u - 2 scrolls of fear
 G - a scroll of brand weapon {unknown}
 I - 2 scrolls of enchant weapon {unknown}
 L - a scroll of identify
 N - a scroll of silence {unknown}
Potions
 b - a potion of ambrosia {unknown}
 k - 3 potions of attraction
 l - 2 potions of resistance
 m - 4 potions of might
 o - a potion of mutation
 v - 2 potions of curing
 w - 2 potions of flight
 x - 2 potions of brilliance
 z - a potion of invisibility
 A - 2 potions of cancellation
Miscellaneous
 F - a piece from Xom's chessboard (14/15)
 H - a lightning rod (4/4)


   Skills:
 - Level 1.7 Dodging
 - Level 2.4 Stealth
 + Level 12.4 Spellcasting
 * Level 12.4 Conjurations
 - Level 3.0 Transmutations
 + Level 7.2 Earth Magic
 - Level 10.5 Poison Magic


You had 12 spell levels left.
You knew the following spells:

 Your Spells              Type           Power      Damage    Failure   Level
a - Orb of Destruction    Conj           28%        9d9       9%          7
b - Mephitic Cloud        Conj/Pois/Air  40%        N/A       1%          3
c - Poisonous Vapours     Pois/Air       62%        N/A       1%          2
d - Olgreb's Toxic Radia  Pois           51%        N/A       1%          4
e - Magic Dart            Conj           100%       1d8       1%          1
f - Sandblast             Erth           100%       2d20      1%          1
g - Stone Arrow           Conj/Erth      100%       3d13      1%          3
h - Ignite Poison         Fire/Tmut/Pois 28%        N/A       1%          3

Your spell library contained the following spells:

 Spells                   Type           Power      Damage    Failure   Level
 Sting                    Tmut/Pois      100%       1d8       1%          1
 Spider Form              Tmut/Pois      37%        N/A       1%          3
 Necrotise                Necr           44%        1d6       6%          1
 Call Imp                 Summ           11%        N/A       9%          2
 Ensorcelled Hibernation  Hex/Ice        22%        N/A       9%          2
 Animate Armour           Summ/Erth      76%        N/A       13%         4
 Confusing Touch          Hex            11%        N/A       17%         3
 Summon Guardian Golem    Hex/Summ       11%        N/A       17%         3
 Tukima's Dance           Hex            11%        N/A       17%         3
 Vampiric Draining        Necr           11%        2d6       17%         3
 Yara's Violent Unravell  Hex/Tmut       8%         3d5       22%         5
 Anguish                  Hex/Necr       5%         N/A       50%         4
 Passage of Golubria      Tloc           11%        N/A       50%         4
 Summon Lightning Spire   Summ/Air       11%        N/A       50%         4
 Spellforged Servitor     Conj/Summ      17%        N/A       65%         7
 Lehudib's Crystal Spear  Conj/Erth      32%        10d8      82%         8
 Agony                    Necr           11%        N/A       85%         5
 Enfeeble                 Hex            5%         N/A       100%        7
 Storm Form               Tmut/Air       8%         N/A       100%        7
 Maxwell's Capacitive Co  Air            5%         ∞         100%        8


Dungeon Overview and Level Annotations

Branches:
Dungeon (12/15)            Temple (1/1) D:7            Lair (0/5) D:10
    Orc (0/2) D:9           Sewer (visited)          Bailey (visited)

Altars:
Ashenzari
Cheibriados
Dithmenos
Elyvilon
Fedhas
Gozag
Hepliaklqana
Kikubaaqudgha
Makhleb
Nemelex Xobeh
Okawaru
Qazlal
Ru
Sif Muna
Trog
Uskayaw
Vehumet
Wu Jian
Xom
Yredelemnul
Zin
The Shining One

Shops:
D:5 (

Annotations:
D:4 2 runed translucent doors, 112233's ghost, amateur TeAE
D:9 4 runed translucent doors


Innate Abilities, Weirdness & Mutations

You cannot be hasted, slowed, berserked, paralysed or teleported.
You can dig through walls and to a lower floor.
You have a pair of large antennae on your head. (SInv)
Your four strong arms can wield two-handed weapons with a shield.


Message History

Aiming: Mephitic Cloud (safe; 1% risk of failure)
Press: ? - help, Shift-Dir - straight line, f - merfolk aquamancer
Aim: a merfolk aquamancer, wielding a +0 rapier and wearing a +0 robe (lightly wounded, chance to affect: 34%)
The ball explodes into a vile cloud!
The stinking cloud engulfs the merfolk aquamancer but does no damage.
The merfolk aquamancer is lightly wounded.
The merfolk aquamancer is engulfed in noxious fumes.
Unknown command.
Unknown command.
Casting: Mephitic Cloud (safe; 1% risk of failure)
Confirm with . or Enter, or press ? or * to list all spells.
You don't have enough magic to cast this spell.
You feel much better.
Okay, then.
Aiming: Paralyse
Press: ? - help, Shift-Dir - straight line, f/p - merfolk aquamancer
Aim: a merfolk aquamancer, wielding a +0 rapier and wearing a +0 robe (lightly wounded, chance to affect: 7%)
Okay, then.
Aiming: Fastroot
Press: ? - help, Shift-Dir - straight line, f/p - merfolk aquamancer
Aim: a merfolk aquamancer, wielding a +0 rapier and wearing a +0 robe (lightly wounded)
The roots erupt in riotous growth!
Roots grab the merfolk aquamancer.
The now-empty wand crumbles to dust.
The grasping roots constrict the merfolk aquamancer.
The merfolk aquamancer struggles to escape constriction.
The grasping roots constrict the merfolk aquamancer.
The merfolk aquamancer struggles to escape constriction.
You make a move on Xom's chessboard...
The merfolk aquamancer twists and deforms.
The grasping roots constrict the merfolk aquamancer.
The roots release their grip on the merfolk aquamancer.
The merfolk aquamancer casts a spell at you.
The shard of ice hits you!!!
* * * LOW HITPOINT WARNING * * *
Unknown command.
You fade into invisibility!
The merfolk aquamancer casts a spell at you.
The torrent of water hits you!!
You die...

......#...#.............#....#...
...^..#...#....####''#..#....#...
......#...#....#.....#..######...
......#...'....#.....#...........
......#####....#.....#...........
.§.....§§§.....#######...........
......§§§........................
..§..§§§§........................
.....§§§§....m..@.#'#############
§§§..§§§§....####.#.......... #
§....§§§§....#..#.#.......... #
.§...#######.#..'.#.......... #
..m..#.....###..#.#.......... #
.....#..........#.#.......... #
######..........#.#.......... #
................#.#...###########
.............####.#####..........


You could see a merfolk aquamancer (misshapen).

Vanquished Creatures
  Nessos (D:12)
  A boulder beetle (D:12)
  7 two-headed ogres
  An orc knight (Bailey)
  A cyclops (D:12)
  An ugly thing (D:12)
  Joseph (D:8)
  3 kobold demonologists (D:12)
  A tengu conjurer (D:9)
  2 trolls
  Grinder (D:6)
  A hornet (D:10)
  3 wyverns
  3 shadows
  Eustachio (D:6)
  3 wraiths
  2 humans (D:8)
  5 yaks (D:7)
  Grum (D:10)
  2 basilisks
  A steam dragon (D:7)
  Menkaure (D:7)
  A warg (D:9)
  5 water moccasins
  8 orc warriors
  An ice beast (D:7)
  4 black bears
  3 ogres
  4 wolves (D:10)
  3 centaurs
  3 phantoms (D:6)
  12 kobold brigands
  8 bullfrogs
  2 gnoll sergeants
  7 scorpions
  11 wights
  An electric eel (D:10)
  5 howler monkeys
  3 hounds
  3 jellies
  3 gnoll boudas
  8 orc priests
  Crazy Yiuf (D:6)
  Ijyb (D:3)
  3 iguanas
  14 orc wizards
  2 river rats
  12 adders
  28 gnolls
  2 shadow imps (D:6)
  2 white imps (D:6)
  2 ufetubi
  2 worms
  A dart slug (D:3)
  45 orcs
  12 ball pythons
  A bat zombie (D:5)
  11 endoplasms
  8 giant cockroaches
  11 goblins
  10 hobgoblins
  2 jackals (D:5)
  35 kobolds
  2 quokkas (D:3)
  4 bats
  3 frilled lizards
  16 rats
368 creatures vanquished.

Vanquished Creatures (others)
  A merfolk aquamancer (D:12)
  39 fungi (D:10)
  43 plants (D:10)
83 creatures vanquished.

Grand Total: 451 creatures vanquished

Notes
Turn   | Place    | Note
-------+----------+-------------------------------------------
     0 | D:1      | Arum the Formicid Venom Mage began the quest for the Orb.
     0 | D:1      | Reached XP level 1. HP: 13/13 MP: 3/3
   165 | D:1      | Reached XP level 2. HP: 19/19 MP: 1/5
  1121 | D:1      | Reached XP level 3. HP: 24/24 MP: 3/6
  1126 | D:1      | Learned a level 3 spell: Spider Form
  1129 | D:1      | Learned a level 2 spell: Poisonous Vapours
  1772 | D:2      | Found a faded altar of an unknown god.
  2238 | D:2      | Reached XP level 4. HP: 30/30 MP: 2/8
  2669 | D:3      | Identified the +3 mace of Balance {elec, rC++ Int+3 Dex+4}
  2810 | D:3      | Found a glowing drain.
  2829 | Sewer    | Entered a sewer
  2872 | Sewer    | Reached skill level 5 in Poison Magic
  3209 | Sewer    | Reached XP level 5. HP: 35/35 MP: 3/9
  3577 | Sewer    | Found a viscous altar of Jiyva.
  4048 | D:3      | Found an opulent altar of Gozag.
  4169 | D:3      | Reached XP level 6. HP: 12/41 MP: 1/12
  4455 | D:3      | Noticed Ijyb
  4469 | D:3      | Killed Ijyb
  4874 | D:3      | Found an ornate altar of the Wu Jian Council.
  5422 | D:4      | Learned a level 4 spell: Olgreb's Toxic Radiance
  5724 | D:4      | Reached XP level 7. HP: 43/46 MP: 5/14
  5725 | D:4      | Reached skill level 5 in Spellcasting
  6063 | D:4      | Found a sacrificial altar of Ru.
  6122 | D:4      | Found a large runed translucent door.
  6122 | D:4      | Found a large runed translucent door.
  6124 | D:4      | Noticed 112233's ghost (amateur TeAE)
  6124 | D:4      | Found the +8 whip "Snakebite" {venom, curare, rPois}
  7295 | D:4      | Identified 2 scrolls of acquirement
  7295 | D:4      | Acquired a staff of poison
  7306 | D:4      | Acquired a staff of earth
  7367 | D:5      | Entered Level 5 of the Dungeon
  7407 | D:5      | Found a broken altar of Ashenzari.
  7548 | D:5      | Found an ancient bone altar of Kikubaaqudgha.
  7622 | D:5      | Found a glowing golden altar of the Shining One.
  7664 | D:5      | Reached XP level 8. HP: 41/52 MP: 10/17
  7798 | D:5      | Learned a level 3 spell: Mephitic Cloud
  7941 | D:5      | Found Byulocwa's Weapon Emporium.
  9003 | D:6      | Found a runed translucent door.
  9004 | D:6      | Noticed Crazy Yiuf
  9014 | D:6      | Killed Crazy Yiuf
  9281 | D:6      | Reached skill level 1 in Conjurations
  9496 | D:6      | Noticed Grinder
  9514 | D:6      | Reached XP level 9. HP: 57/57 MP: 15/21
 10176 | D:7      | Found a flagged portal.
 10227 | Bailey   | Entered a bailey
 10551 | Bailey   | Identified the +9 flail "Loasm" {protect, rN+ Int+3 Dex+2}
 10562 | Bailey   | Found an iron altar of Okawaru.
 10562 | Bailey   | Noticed an orc knight
 10579 | Bailey   | Killed an orc knight
 10580 | Bailey   | Reached skill level 5 in Conjurations
 10737 | D:7      | Found a staircase to the Ecumenical Temple.
 10752 | Temple   | Entered the Ecumenical Temple
 10757 | Temple   | Became a worshipper of Vehumet
 10917 | D:7      | Learned a level 1 spell: Magic Dart
 11101 | D:7      | Reached XP level 10. HP: 56/63 MP: 8/23
 11503 | D:7      | Reached skill level 10 in Spellcasting
 11810 | D:7      | Noticed Menkaure
 12104 | D:6      | Noticed Eustachio
 12119 | D:6      | Killed Eustachio
 12464 | D:6      | Reached * piety under Vehumet
 12464 | D:6      | Offered knowledge of Freeze by Vehumet.
 12578 | D:6      | Killed Grinder
 12612 | D:6      | Found a shadowy altar of Dithmenos.
 12955 | D:7      | Reached XP level 11. HP: 68/68 MP: 22/25
 13426 | D:7      | Killed Menkaure
 13925 | D:8      | Noticed Joseph
 13941 | D:8      | Killed Joseph
 13942 | D:8      | Reached skill level 10 in Poison Magic
 14421 | D:8      | Found an iron altar of Okawaru.
 14856 | D:8      | Offered knowledge of Sandblast by Vehumet.
 14859 | D:8      | Learned a level 1 spell: Sandblast
 15555 | D:8      | Found a shimmering altar of Xom.
 15618 | D:8      | Reached ** piety under Vehumet
 15884 | D:9      | Noticed a two-headed ogre
 15897 | D:9      | HP: 1/68 [two-headed ogre/+0 giant club (10)]
 16618 | D:9      | Found a staircase to the Orcish Mines.
 16627 | D:9      | Reached skill level 1 in Earth Magic
 16710 | D:9      | Noticed a two-headed ogre
 16729 | D:9      | HP: 2/68 [two-headed ogre/+0 giant spiked club (6)]
 16729 | D:9      | Killed a two-headed ogre
 17080 | D:9      | Reached skill level 10 in Conjurations
 17394 | D:9      | Killed a two-headed ogre
 17550 | D:9      | Noticed a two-headed ogre
 17564 | D:9      | Killed a two-headed ogre
 17633 | D:9      | Found a runed translucent door.
 17708 | D:9      | Found a runed translucent door.
 17721 | D:9      | Found a runed translucent door.
 17934 | D:9      | Learned a level 3 spell: Stone Arrow
 18005 | D:9      | Found a runed translucent door.
 18197 | D:10     | Entered Level 10 of the Dungeon
 18266 | D:10     | Noticed a two-headed ogre
 18323 | D:10     | Noticed Grum
 18331 | D:10     | Reached XP level 12. HP: 74/74 MP: 19/27
 18335 | D:10     | Killed Grum
 18835 | D:10     | Found a sparkling altar of Nemelex Xobeh.
 18836 | D:10     | Found a shimmering blue altar of Sif Muna.
 18922 | D:10     | Killed a two-headed ogre
 18922 | D:10     | Offered knowledge of Inner Flame by Vehumet.
 19261 | D:10     | Found a staircase to the Lair.
 19261 | D:10     | Noticed a two-headed ogre
 19276 | D:10     | Killed a two-headed ogre
 19276 | D:10     | Reached *** piety under Vehumet
 19277 | D:10     | Reached skill level 5 in Earth Magic
 19827 | D:11     | Learned a level 7 spell: Orb of Destruction
 20004 | D:11     | Noticed a two-headed ogre
 20010 | D:11     | Killed a two-headed ogre
 20230 | D:11     | Noticed a two-headed ogre
 20234 | D:11     | Killed a two-headed ogre
 20868 | D:12     | Noticed a boulder beetle
 20879 | D:12     | Killed a boulder beetle
 20879 | D:12     | Offered knowledge of Ignite Poison by Vehumet.
 20880 | D:12     | Noticed a sixfirhy
 21094 | D:12     | Noticed Nessos
 21105 | D:12     | Killed Nessos
 21219 | D:12     | Reached XP level 13. HP: 63/79 MP: 11/29
 21291 | D:12     | Learned a level 3 spell: Ignite Poison
 21481 | D:12     | Killed from afar by a merfolk aquamancer

Illustrated notes

Levels and vault maps discovered:
D:1:      minmay_arrival_loop, layout_basic, corner_web_ring
D:2:      layout_basic, shapermc_ecumenical_altar_notcrosses
D:3:      layout_basic, mainiacjoe_overflow_alcove_4,
          mainiacjoe_overflow_alcove_1, gup_sewer_entry_bubbles, uniq_ijyb
D:4:      layout_layer_cave, mainiacjoe_overflow_surrounded_room,
          ebering_ghost_disaster_area
D:5:      layout_rooms, tso_metal_star, mainiacjoe_overflow_paths,
          lemuel_zombie_altar_kikubaaqudgha, serial_shops, nicolae_shop_stone
D:6:      minmay_chambers_of_threes, layout_loops_ring, grunt_dithmenos_shadows,
          uniq_grinder, uniq_eustachio, uniq_crazy_yiuf_cottage
D:7:      hangedman_cross_stitches, layout_basic, minmay_temple_entry_trees,
          enter_bailey_5, chequers_serial_rivers_marsh, uniq_menkaure
D:8:      layout_cave_pods, okawaru_humans, marbit_many_paths, uniq_joseph
D:9:      layout_irregular_city, david_orc_3, minmay_statue_crystal_thing
D:10:     layout_roguey, nicolae_overflow_squiral, due_lair_maze_entry_diamond,
          uniq_grum
D:11:     layout_roguey
D:12:     layout_irregular_city, nicolae_splish_splash, uniq_nessos
Temple:   minmay_freezing_vapour_temple

Skill      XL: |  1  2  3  4  5  6  7  8  9 10 11 12 |
---------------+-------------------------------------+-----
Transmutations | 2 3 |  3.0
Spellcasting   | 3 4 6 8 9 10 11 12 | 12.4
Poison Magic   | 5 6 7 9 10 | 10.5
Conjurations   | 1 5 8 10 12 | 12.4
Earth Magic    | 4 7 |  7.2
Dodging        | |  1.7
Stealth        | |  2.4

Action                   |  1- 3 |  4- 6 |  7- 9 | 10-12 | 13-15 || total
-------------------------+-------+-------+-------+-------+-------++-------
Melee: Unarmed           |    16 |    37 |       |       |       ||    53
       Mace              |       |    29 |    18 |       |       ||    47
       Punch             |       |     1 |       |     2 |       ||     3
       Staff             |       |       |    27 |    28 |       ||    55
       Flail             |       |       |       |    87 |       ||    87
 Cast: Sting             |    70 |    17 |    41 |       |       ||   128
       Spider Form       |     2 |     5 |       |       |       ||     7
       Poisonous Vapours |       |    55 |   117 |   138 |     2 ||   312
       Olgreb's Toxic Ra |       |     4 |    22 |    75 |     3 ||   104
       Mephitic Cloud    |       |       |     7 |    23 |     3 ||    33
       Magic Dart        |       |       |     1 |    87 |       ||    88
       Sandblast         |       |       |       |    16 |       ||    16
       Stone Arrow       |       |       |       |    44 |     3 ||    47
 Abil: Dig               |       |     1 |     1 |       |       ||     2
Evoke: Wand              |       |       |     6 |    14 |     1 ||    21
       Piece from Xom's  |       |       |       |       |     1 ||     1
  Use: Scroll            |       |     3 |    18 |     5 |     1 ||    27
       Potion            |       |       |     1 |     3 |     3 ||     7
 Stab: Sleeping          |       |     4 |     1 |       |       ||     5
Armor: Robe              |     3 |     5 |    23 |    39 |       ||    70
       Skin              |       |     7 |       |       |       ||     7
Dodge: Dodged            |    27 |    42 |    92 |   163 |     2 ||   326
       Repelled          |       |       |     3 |     2 |     1 ||     6
